 Dungeon Crawl Stone Soup version 0.24.0-41-g2ae2f7f1be (webtiles) character file.

Game seed: 12024474369141931895, levelgen mode: deterministic

49722 Vrapko the Bludgeoner (level 14, -6/90 HPs)
             Began as a Gargoyle Berserker on Dec 11, 2019.
             Was an Elder of Trog.
             Shot with a bolt by a naga sharpshooter (11 damage)
             ... on level 3 of the Snake Pit on Dec 12, 2019.
             The game lasted 01:56:48 (17753 turns).

Vrapko the Bludgeoner (Gargoyle Berserker)         Turns: 17753, Time: 01:56:51

Health: -6/90      AC: 32    Str: 37    XL:     14   Next: 52%
Magic:  0/14       EV: 12    Int: 16    God:    Trog [****..]
Gold:   597        SH: 14    Dex:  9    Spells: 13/13 levels left

rFire    . . .     SeeInvis .   L - +1 morningstar of Forced Transition {freeze, Stlth+}
rCold    + . .     Gourm    .   u - +0 shield of the Elephant {-Cast rC+ rCorr}
rNeg     + . .     Faith    .   H - +3 chain mail rPois āˆž Spirit +
                                q - +2 helmet
rElec    +         Reflect  .   M - scarf {repulsion}
rCorr    +         Harm     .   S - +2 pair of gloves "Mynti" {Int+4}
MR       +++..     NoCast   +   (no boots)
Stlth    ..........             N - amulet of guardian spirit
HPRegen  1.25/turn              P - +4 ring of evasion
MPRegen  0.14/turn              w - ring "Sathrir" {*Drain rPois Str+6 Int+4}

@: mighty, berserk cooldown, very slightly contaminated, regenerating,
constricted, repel missiles
A: big wings, negative energy resistance 1, electricity resistance, unbreathing,
petrification resistance, rot immunity, AC +10
a: Fly, Berserk, Trog's Hand, Brothers in Arms, Renounce Religion


You were on level 3 of the Snake Pit.
You worshipped Trog.
Trog was greatly pleased with you.
You were not hungry.

You visited 4 branches of the dungeon, and saw 17 of its levels.

You collected 961 gold pieces.
You spent 364 gold pieces at shops.

Inventory:

Hand Weapons
 e - a +4 spear of flaming
 f - a +2 whip of freezing
 y - a +3 flail of venom
 B - a +3 quarterstaff of chaos
 L - the +1 morningstar of Forced Transition (weapon) {freeze, Stlth+}
   (Trog gifted it to you on level 3 of the Lair of Beasts)

   It has been specially enchanted to freeze those struck by it, causing extra
   injury to most foes and up to half again as much damage against particularly
   susceptible opponents.
   It can also slow down cold-blooded creatures.
   It makes you more stealthy.
 Y - a +3 halberd of protection
Missiles
 n - 3 boomerangs (quivered)
Armour
 m - a +2 ring mail of positive energy
 q - a +2 helmet (worn)
 u - the +0 shield of the Elephant (worn) {-Cast rC+ rCorr}
   (You found it on level 4 of the Dungeon)

   It protects you from cold.
   It prevents spellcasting.
   It provides partial protection from all sources of acid and corrosion.
 H - a +3 chain mail (worn)
 M - a scarf of repulsion (worn)
 S - the +2 pair of gloves "Mynti" (worn) {Int+4}
   (You found it on level 4 of the Lair of Beasts)

   It affects your intelligence (+4).
Jewellery
 b - an uncursed ring of protection from magic
 w - the ring "Sathrir" (right hand) {*Drain rPois Str+6 Int+4}
   (You found it on level 4 of the Dungeon)

   [ring of poison resistance]

   It affects your strength (+6).
   It affects your intelligence (+4).
   It protects you from poison.
   It causes draining when unequipped.
 x - an uncursed amulet of the acrobat
 G - an uncursed ring of see invisible
 N - an amulet of guardian spirit (around neck)
 P - a +4 ring of evasion (left hand)
Wands
 I - a wand of enslavement (8)
 O - a wand of flame (2)
 Q - a wand of digging (7)
Scrolls
 d - 6 scrolls of identify
 g - 7 scrolls of teleportation
 i - 6 scrolls of remove curse
 k - 10 scrolls of amnesia
 o - a scroll of blinking
 p - a scroll of enchant armour
 t - a scroll of holy word
 z - a scroll of random uselessness
 E - 3 scrolls of fog
 T - 2 scrolls of enchant weapon
Potions
 a - a potion of mutation {unknown}
 h - a potion of magic
 l - a potion of brilliance {unknown}
 r - a potion of haste
 C - a potion of might
 D - a potion of flight {unknown}
 F - a potion of berserk rage
 J - a potion of lignification {unknown}
 R - a potion of resistance
 U - a potion of agility {unknown}
 X - a potion of ambrosia {unknown}
Miscellaneous
 K - a phantom mirror
 V - a phial of floods (inert)
Comestibles
 c - 8 rations


   Skills:
 + Level 11.2 Fighting
 + Level 15.0 Maces & Flails
 + Level 11.2 Armour
 + Level 5.4 Dodging
 + Level 3.3 Stealth
 + Level 13.2 Shields


You had 13 spell levels left.
You didn't know any spells.
Your spell library contained the following spells:

 Spells                   Type           Power        Failure   Level  Hunger
 Beastly Appendage        Tmut           #.....       67%         1    ##.....
 Sticks to Snakes         Tmut           #.......     80%         2    ###....
 Spider Form              Tmut/Pois      #.........   95%         3    ####...
 Ice Form                 Ice/Tmut       #.......     100%        4    #####..
 Blade Hands              Tmut           #.........   100%        5    ######.
 Bolt of Magma            Conj/Fire/Erth #.........   100%        5    ######.
 Iskenderun's Battlesphe  Conj/Chrm      #.......     100%        5    ######.
 Venom Bolt               Conj/Pois      #.........   100%        5    ######.
 Iron Shot                Conj/Erth      #.........   100%        6    #######
 Orb of Destruction       Conj           #.........   100%        7    #######
 Spellforged Servitor     Conj/Summ      #.........   100%        7    #######


Dungeon Overview and Level Annotations

Branches:
Dungeon (9/15)             Temple (1/1) D:6            Lair (4/6) D:9
  Snake (4/4) Lair:4
  Swamp: Lair:2-4    Shoals: Lair:2-4       Orc: D:9-12

Altars:
Ashenzari
Cheibriados
Dithmenos
Elyvilon
Fedhas
Gozag
Hepliaklqana
Kikubaaqudgha
Makhleb
Nemelex Xobeh
Okawaru
Qazlal
Ru
Trog
Uskayaw
Vehumet
Wu Jian
Xom
Yredelemnul
Zin
Lugonu

Shops:
D:9 *

Annotations:
D:4 3 runed translucent doors, EvilAshe's ghost, amateur HuWn
Lair:2 3 runed translucent doors, fritzmikael's ghost, journeyman DDNe
Snake:3 1 runed translucent door


Innate Abilities, Weirdness & Mutations

You are resistant to torment.
Your stone body is resilient. (AC +10)
You are immune to poison.
Your large and strong wings let you fly indefinitely.
You resist negative energy. (rN+)
You are resistant to electric shocks. (rElec)
You can survive without breathing.
You are immune to petrification.
You are immune to rotting.


Message History

You feel somewhat more hungry. The naga mage spits poison at you.
The splash of poison hits you but does no damage.
You resist.
The guardian serpent hits you but does no damage.
Your polar bear bites the naga.
Your polar bear barely misses the naga.
Your polar bear claws the naga but does no damage.
The naga sharpshooter spits poison at you.
The splash of poison is repelled.
You block the naga's attack.
The naga mage hits you but does no damage.
You block the naga's attack. The naga hits you but does no damage.
The naga constricts you. The naga hits you but does no damage.
You sock the naga! You freeze the naga.
The naga is heavily wounded.
The guardian serpent hits you but does no damage.
Your polar bear bites the naga.
Your polar bear barely misses the naga.
Your polar bear claws the naga but does no damage.
You block the naga mage's attack.
The naga sharpshooter shoots a bolt.
The bolt hits you!
You die...

######
##.....##
#.......##
.........#
#.......h.#
#.......NN#
#.......N@#
#......NNS#
#......Nā‰ˆN#
##......ā‰ˆ)>#
#..........#
+.....[<)..#
#.....[ā€ )..#
#.#...(.).##
##.....##


You could see a naga warrior, a naga sharpshooter, a guardian serpent, a naga
mage, 4 nagas and a friendly polar bear (berserk).

Vanquished Creatures
  The ghost of Rivaler the Protected, a journeyman MiMo of Uskayaw (Snake:1)
  The ghost of jaiteiro the Basher, a journeyman GrFi of Okawaru (Lair:4)
  A hydra (Lair:1)
  4 naga warriors
  A catoblepas (Lair:2)
  A queen ant (Lair:2)
  6 anacondas
  2 naga sharpshooters (Snake:1)
  2 shock serpents
  The ghost of Devinter the Cutter, a novice HaFi of Uskayaw (D:9)
  2 naga ritualists (Snake:1)
  Pikel (D:6)
  2 mana vipers
  A merfolk siren (Lair:2)
  11 naga magi
  4 salamanders
  3 guardian serpents
  5 spiny frogs
  11 black mambas
  A kobold demonologist (D:6)
  5 komodo dragons
  2 trolls (D:9)
  3 blink frogs (Lair:4)
  4 dream sheep (Lair:4)
  6 hippogriffs
  2 wyverns
  18 yaks
  2 basilisks (Lair:1)
  A hungry ghost (D:9)
  Menkaure (D:6)
  21 nagas
  7 soldier ants (Lair:2)
  17 water moccasins
  An orc warrior (D:7)
  5 porcupines
  A sky beast (D:7)
  4 ogres
  3 ice beasts
  A slave (D:6)
  An eye of draining (D:9)
  2 phantoms
  19 wolves
  2 centaurs
  A crocodile (Lair:2)
  10 bullfrogs
  2 gnoll sergeants
  2 scorpions
  5 killer bees (D:9)
  4 electric eels
  2 crimson imps
  4 howler monkeys
  A quasit (D:8)
  2 bullfrog skeletons
  2 jellies
  10 orc wizards
  Crazy Yiuf (D:6)
  4 orc priests
  8 hounds
  A centaur skeleton (D:6)
  Terence (D:3)
  4 iguanas
  27 worker ants
  A killer bee zombie (D:6)
  A hound zombie (D:7)
  A worker ant zombie (D:8)
  A howler monkey zombie (D:7)
  13 gnolls
  23 adders
  4 shadow imps
  An ooze (D:2)
  An adder zombie (D:6)
  An adder skeleton (D:8)
  3 dart slugs
  4 leopard geckos
  22 orcs
  A ball python (D:6)
  7 giant cockroaches
  2 goblins
  6 hobgoblins
  6 jackals
  2 quokkas
  10 bats
  3 frilled lizards
  2 jackal skeletons
  A kobold (D:2)
  6 rats
  A bush (Lair:3)
  2 fungi
  11 plants
416 creatures vanquished.

Vanquished Creatures (collateral kills)
  Saint Roka (Snake:2)
  Aizul (Snake:1)
  A naga sharpshooter (Snake:3)
  A mana viper (Snake:3)
  A hungry ghost (D:8)
  2 nagas
  An ogre (Snake:2)
  A bullfrog zombie (D:8)
  3 orc priests (Snake:2)
  An orc wizard (Snake:2)
  3 gnolls (D:8)
  An adder (D:8)
  4 orcs (Snake:2)
21 creatures vanquished.

Vanquished Creatures (others)
  A salamander (Snake:1)
  An orc wizard (D:6)
  An orc (D:6)
  3 fungi
  7 plants
13 creatures vanquished.

Grand Total: 450 creatures vanquished

Notes
Turn   | Place    | Note
-------+----------+-------------------------------------------
     0 | D:1      | Vrapko the Gargoyle Berserker began the quest for the Orb.
     0 | D:1      | Reached XP level 1. HP: 14/14 MP: 1/1
   249 | D:1      | Reached XP level 2. HP: 19/19 MP: 2/2
  1186 | D:2      | Reached XP level 3. HP: 19/24 MP: 3/3
  1203 | D:2      | Noticed a scorpion
  1218 | D:2      | Killed a scorpion
  1218 | D:2      | Reached XP level 4. HP: 14/29 MP: 4/4
  1426 | D:2      | Reached skill level 4 in Maces & Flails
  1571 | D:2      | Found a glowing silver altar of Zin.
  1748 | D:2      | Reached ** piety under Trog
  1818 | D:2      | Reached skill level 1 in Stealth
  2120 | D:2      | Reached XP level 5. HP: 33/33 MP: 5/5
  2241 | D:2      | Found a stormy altar of Qazlal.
  2456 | D:3      | Noticed Terence
  2478 | D:3      | Killed Terence
  2532 | D:3      | Found an ornate altar of the Wu Jian Council.
  2781 | D:3      | Reached XP level 6. HP: 38/38 MP: 6/6
  2879 | D:3      | Reached skill level 5 in Maces & Flails
  3510 | D:4      | Reached *** piety under Trog
  3514 | D:4      | Got a translucent ivory ring
  3516 | D:4      | Identified the ring "Sathrir" {*Drain rPois Str+6 Int+4}
                  | (You found it on level 4 of the Dungeon)
  3561 | D:4      | Found a runed translucent gate.
  3561 | D:4      | Found a runed translucent gate.
  3561 | D:4      | Found a runed translucent gate.
  3623 | D:4      | Noticed EvilAshe's ghost (amateur HuWn)
  3660 | D:4      | Noticed a phantom
  3707 | D:4      | Killed a phantom
  3707 | D:4      | Reached XP level 7. HP: 44/44 MP: 7/7
  3767 | D:4      | Got a jewelled shield
  3773 | D:4      | Identified the +0 shield of the Elephant {-Cast rC+ rCorr}
                  | (You found it on level 4 of the Dungeon)
  3796 | D:4      | Reached skill level 6 in Maces & Flails
  3929 | D:4      | Found an opulent altar of Gozag.
  4208 | D:4      | You fall into a shaft and drop 2 floors!
  4346 | D:6      | Found a staircase to the Ecumenical Temple.
  4361 | Temple   | Entered the Ecumenical Temple
  4448 | D:6      | Noticed Menkaure
  4468 | D:6      | Killed Menkaure
  4468 | D:6      | Reached skill level 1 in Shields
  4468 | D:6      | Reached XP level 8. HP: 48/48 MP: 8/8
  4524 | D:6      | Found a runed translucent door.
  4525 | D:6      | Noticed Crazy Yiuf
  4531 | D:6      | Killed Crazy Yiuf
  4531 | D:6      | Reached skill level 5 in Fighting
  4624 | D:6      | Reached skill level 7 in Maces & Flails
  4742 | D:6      | Noticed Pikel
  4835 | D:6      | Reached skill level 5 in Armour
  4987 | D:6      | Killed Pikel
  4987 | D:6      | Reached skill level 8 in Maces & Flails
  5003 | D:6      | Reached XP level 9. HP: 39/54 MP: 9/9
  5475 | D:6      | Found a sparkling altar of Nemelex Xobeh.
  5501 | D:6      | Noticed a kobold demonologist
  5505 | D:6      | Noticed a red devil
  5511 | D:6      | Noticed a sun demon
  5513 | D:6      | Killed a kobold demonologist
  5659 | D:7      | Found a sparkling altar of Nemelex Xobeh.
  5727 | D:7      | Found a basalt altar of Yredelemnul.
  5763 | D:7      | Found a hazy altar of Hepliaklqana.
  5878 | D:7      | Reached **** piety under Trog
  5883 | D:7      | Found Tyakhab's Armour Emporium.
  5935 | D:7      | Reached skill level 9 in Maces & Flails
  6253 | D:7      | Reached skill level 5 in Shields
  6766 | D:8      | Reached XP level 10. HP: 58/60 MP: 10/10
  7030 | D:8      | Reached skill level 10 in Maces & Flails
  7235 | D:8      | Found a shattered altar of Ashenzari.
  7237 | D:8      | Found a basalt altar of Yredelemnul.
  7242 | D:8      | Found an opulent altar of Gozag.
  7247 | D:8      | Found a snail-covered altar of Cheibriados.
  7744 | D:9      | Found a staircase to the Lair.
  7993 | D:9      | Found a bloodstained altar of Trog.
  7993 | D:9      | Found an ancient bone altar of Kikubaaqudgha.
  8075 | D:9      | Found a runed translucent gate.
  8075 | D:9      | Found a runed translucent gate.
  8075 | D:9      | Found a runed translucent gate.
  8075 | D:9      | Noticed Devinter's ghost (novice HaFi)
  8089 | D:9      | Killed Devinter's ghost
  8254 | D:9      | Found Quolaq's Assorted Antiques.
  8262 | D:9      | Bought a glowing scarf for 224 gold pieces
  8262 | D:9      | Bought a dented cabochon amulet for 140 gold pieces
  8278 | D:9      | Found a blossoming altar of Fedhas.
  8583 | Lair:1   | Entered Level 1 of the Lair of Beasts
  8599 | Lair:1   | Reached ***** piety under Trog
  8599 | Lair:1   | Reached XP level 11. HP: 55/67 MP: 8/11
  8609 | Lair:1   | Reached skill level 11 in Maces & Flails
  8759 | Lair:1   | Noticed a five-headed hydra
  8778 | Lair:1   | Killed a five-headed hydra
  9942 | Lair:2   | Found a runed translucent gate.
  9942 | Lair:2   | Found a runed translucent gate.
  9942 | Lair:2   | Found a runed translucent gate.
  9942 | Lair:2   | Noticed a ten-headed hydra
  9943 | Lair:2   | Noticed fritzmikael's ghost (journeyman DDNe)
 10144 | Lair:2   | Got a crude long sword
 10156 | Lair:2   | Noticed a catoblepas
 10175 | Lair:2   | Killed a catoblepas
 10328 | Lair:2   | Reached skill level 12 in Maces & Flails
 10399 | Lair:2   | Noticed a queen ant
 10429 | Lair:2   | Killed a queen ant
 10429 | Lair:2   | Reached XP level 12. HP: 73/75 MP: 10/12
 10489 | Lair:2   | Reached skill level 10 in Shields
 11048 | Lair:3   | Received a gift from Trog
 11080 | Lair:3   | Got a warped morningstar {god gift}
 11089 | Lair:3   | Identified the +1 morningstar of Forced Transition {freeze,
                  | Stlth+} (Trog gifted it to you on level 3 of the Lair of
                  | Beasts)
 11540 | Lair:3   | Got a glittering jade amulet
 12331 | Lair:4   | Reached skill level 13 in Maces & Flails
 12424 | Lair:4   | Got a pair of distressingly furry gloves
 12435 | Lair:4   | Identified the +2 pair of gloves "Mynti" {Int+4} (You found
                  | it on level 4 of the Lair of Beasts)
 12659 | Lair:4   | Found a staircase to the Snake Pit.
 13001 | Lair:4   | Found a runed translucent gate.
 13003 | Lair:4   | Found a runed translucent gate.
 13005 | Lair:4   | Found a runed translucent gate.
 13007 | Lair:4   | Noticed jaiteiro's ghost (journeyman GrFi)
 13021 | Lair:4   | Killed jaiteiro's ghost
 13021 | Lair:4   | Reached XP level 13. HP: 80/80 MP: 13/13
 13537 | Snake:1  | Entered Level 1 of the Snake Pit
 13596 | Snake:1  | Noticed Aizul
 13613 | Snake:1  | Killed Aizul
 13929 | Snake:1  | Reached skill level 10 in Fighting
 13940 | Snake:1  | Identified the amulet "Epifi" {Inacc rElec Dex+5} (You
                  | found it on level 3 of the Lair of Beasts)
 14167 | Snake:1  | Reached skill level 5 in Dodging
 14388 | Snake:1  | Found a runed translucent door.
 14389 | Snake:1  | Noticed Rivaler's ghost (journeyman MiMo)
 14529 | Snake:1  | Reached skill level 14 in Maces & Flails
 14798 | Snake:1  | Reached skill level 10 in Armour
 15789 | Snake:1  | Gained mutation: Your large and strong wings let you fly
                  | indefinitely. [Gargoyle growth]
 15789 | Snake:1  | Reached XP level 14. HP: 87/88 MP: 14/14
 16205 | Snake:1  | Killed Rivaler's ghost
 16361 | Snake:2  | Noticed Saint Roka
 16385 | Snake:2  | HP: 1/88 [Saint Roka/+1 broad axe of flaming (6)]
 16386 | Snake:2  | Killed Saint Roka
 17216 | Snake:2  | Found an iron altar of Okawaru.
 17701 | Snake:3  | Found a runed translucent door.
 17736 | Snake:4  | Entered Level 4 of the Snake Pit
 17749 | Snake:3  | Reached skill level 15 in Maces & Flails
 17749 | Snake:3  | HP: 3/90 [naga sharpshooter/bolt (4)]
 17753 | Snake:3  | Shot with a bolt by a naga sharpshooter

Levels and vault maps discovered:
D:1:      dpeg_arrival_arbitrary_c, layout_basic,
          wander_ebering_terrifying_dragon_lair
D:2:      layout_basic, nicolae_overflow_hidden_temple,
          nicolae_qazlal_eye_of_the_storm
D:3:      layout_basic, old_standard_altar, first_ration, minmay_quantized,
          uniq_terence
D:4:      layout_cave_pools, marbit_many_paths, kennysheep_mini_moat,
          gammafunk_ghost_icy, grunt_gozag_breadcrumbs
D:6:      minmay_cornered_nines, layout_rooms, minmay_temple_entry_antechambers,
          basic_altar, minmay_misc_feat_roman,
          minmay_a_box_with_orc_wizards_in_it, uniq_crazy_yiuf_cottage,
          uniq_pikel, uniq_menkaure
D:7:      layout_basic, nemelex_xobeh_ov_fountains_minmay, lemuel_round_altar,
          basic_altar, serial_shops, kennysheep_mini, st_stairs_14
D:8:      layout_cave_pools, minitemple
D:9:      layout_loops_ring, lemuel_round_altar,
          gammafunk_temple_overflow_statue, erik_lair_island,
          ebering_ghost_rock_garden, serial_shops, shop
Temple:   corrupted_temple
Lair:1:   layout_cave_pods
Lair:2:   layout_long_grid, elwin_shoals_entry_rooms,
          gammafunk_ghost_hydra_chop, zaba_antful_of_joy
Lair:3:   layout_cave_pods, beast_lair_carwin_8, lemuel_fruit_tree
Lair:4:   statuecave_lemuel, layout_layer_cave,
          minmay_snake_entry_six_corridors, ebering_ghost_rock_garden,
          grunt_forest_small_clearing_treed
Snake:1:  layout_chambers, gammafunk_ghost_grave, uniq_aizul
Snake:2:  layout_cave_town, basic_altar, uniq_saint_roka
Snake:3:  layout_rooms, basic_altar, serial_shops,
          nicolae_shop_overgrown_old_shop, nicolae_shop_overgrown_old_shop,
          ebering_ghost_reflecting_pool
Snake:4:  snake_pit, layout_rooms, uniq_vashnia

Skill      XL: |  1  2  3  4  5  6  7  8  9 10 11 12 13 14 |
---------------+-------------------------------------------+-----
Dodging        | 2 3 4 5 |  5.4
Maces & Flails | 4 5 6 8 9 10 12 13 14 15 | 15.0
Stealth        | 1 2 3 |  3.3
Armour         | 3 4 5 7 8 9 10 11 | 11.2
Fighting       | 4 5 6 7 8 9 10 11 | 11.2
Shields        | 1 3 5 7 9 11 12 13 | 13.2

Action                   |  1- 3 |  4- 6 |  7- 9 | 10-12 | 13-15 || total
-------------------------+-------+-------+-------+-------+-------++-------
Melee: Mace              |    71 |   201 |    42 |       |       ||   314
       Flail             |       |       |   295 |   715 |     9 ||  1019
       Morningstar       |       |       |       |   239 |   455 ||   694
Invok: Berserk           |       |     1 |     3 |     8 |     5 ||    17
       Trog's Hand       |       |       |     4 |     8 |     9 ||    21
       Brothers in Arms  |       |       |       |     2 |     4 ||     6
Evoke: Wand              |       |       |       |       |     1 ||     1
       Phial of floods   |       |       |       |       |     1 ||     1
  Use: Scroll            |       |     7 |     2 |     6 |     3 ||    18
       Potion            |       |     1 |     2 |       |    11 ||    14
  Eat: Chunk             |     1 |     5 |     5 |    14 |     2 ||    27
       Ration            |       |     1 |     3 |     6 |     7 ||    17
Armor: Animal skin       |    22 |       |       |       |       ||    22
       Scale mail        |    11 |   121 |    18 |       |       ||   150
       Ring mail         |     2 |       |       |       |       ||     2
       Chain mail        |       |       |   211 |   413 |   195 ||   819
Dodge: Dodged            |    78 |   138 |   114 |   364 |   221 ||   915
       Deflected         |       |       |       |       |    28 ||    28
Block: Shield            |       |       |   163 |   556 |   360 ||  1079
